[Event "Gaprindashvili Cup Women III Stage 2020"]
[Site "Online"]
[Date "2020.11.12"]
[Round "1.2"]
[White "Melia, Salome"]
[Black "Vakhania, Alexandra"]
[Result "1/2-1/2"]
[ECO "B06"]
[WhiteElo "2371"]
[BlackElo "2134"]
[Annotator "broadcasts"]
[PlyCount "132"]
[EventDate "2020.11.04"]
[EventType "k.o."]
[TimeControl "1500+5"]

1. e4 c6 2. d4 d5 3. e5 g6 4. Nf3 Bg7 5. Be2 Nh6 6. O-O O-O 7. Re1 f6 8. exf6 exf6 9. c4 Nf7 10. Nc3 dxc4 11. Bxc4 Nd7 12. Qb3 Nb6 13. Be6 Bxe6 14. Qxe6 Re8 15. Qxe8+ Qxe8 16. Rxe8+ Rxe8 17. Bf4 g5 18. Bc7 f5 19. Bxb6 axb6 20. Kf1 g4 21. Nh4 Nd6 22. Rd1 Bf6 23. g3 Bxh4 24. gxh4 b5 25. Ne2 Kf7 26. b3 b4 27. Rc1 Ra8 28. Rc2 Nb5 29. Kg2 Re8 30. Kf1 f4 31. f3 gxf3 32. Nxf4 Nxd4 33. Rc4 Re4 34. Nd3 Rxh4 35. Rxb4 Nf5 36. Rxb7+ Ke6 37. Kf2 Nd6 38. Rc7 Kd5 39. Kxf3 Rh3+ 40. Ke2 Rxh2+ 41. Kf3 Rh3+ 42. Ke2 Rh4 43. Rd7 Ke6 44. Rc7 Kd5 45. Rd7 c5 46. a4 Re4+ 47. Kd2 Rh4 48. Ke2 Rh2+ 49. Ke3 h5 50. a5 h4 51. a6 Ra2 52. a7 Ra1 53. Nf4+ Kc6 54. Rh7 Nf5+ 55. Ke4 Nd6+ 56. Kd3 Ra3 57. Kc2 Nb5 58. Rh6+ Kb7 59. Rh7+ Ka8 60. Rxh4 Nd4+ 61. Kc3 Rxb3+ 62. Kc4 Kxa7 63. Kxc5 Nc2 64. Rh7+ Ka6 65. Nd5 Rb7 66. Rxb7 Kxb7 1/2-1/2

[Event "Gaprindashvili Cup Women III Stage 2020"]
[Site "Online"]
[Date "2020.11.12"]
[Round "1.2"]
[White "Tsatsalashvili, Keti"]
[Black "Khurtsilava, Inga"]
[Result "1/2-1/2"]
[ECO "E18"]
[WhiteElo "2331"]
[BlackElo "2260"]
[Annotator "broadcasts"]
[PlyCount "140"]
[EventDate "2020.11.04"]
[EventType "k.o."]
[TimeControl "1500+5"]

1. d4 Nf6 2. Nf3 e6 3. g3 b6 4. Bg2 Bb7 5. O-O Be7 6. c4 O-O 7. Nc3 d5 8. cxd5 exd5 9. Bf4 Nbd7 10. Rc1 c6 11. Ne5 Nxe5 12. Bxe5 Bd6 13. e4 dxe4 14. Nxe4 Nxe4 15. Bxe4 Bxe5 16. dxe5 Qe7 17. Qd6 Rfe8 18. Qxe7 Rxe7 19. f4 c5 20. Bxb7 Rxb7 21. Rfd1 Kf8 22. Rd5 Ke7 23. Rcd1 g6 24. Kf2 h5 25. Ke3 Rc8 26. Ke4 b5 27. Rc1 c4 28. Kd4 Rcc7 29. Rc2 Rc6 30. a3 a6 31. h3 Rb8 32. Kc3 a5 33. Kd4 Ke6 34. g4 h4 35. Ke4 f5+ 36. exf6 Kxf6 37. Kd4 Re6 38. Rf2 Re1 39. Kc5 Re3 40. f5 g5 41. Rd6+ Kf7 42. Rd7+ Kf6 43. Rd6+ Kf7 44. Rfd2 c3 45. Rd7+ Ke8 46. bxc3 Rxc3+ 47. Kd4 Rbc8 48. Rh7 R8c5 49. f6 R3c4+ 50. Ke3 Rc7 51. Rh8+ Kf7 52. Rd6 Rc3+ 53. Kd2 Rc2+ 54. Kd3 R2c3+ 55. Kd4 R3c4+ 56. Kd3 Rc3+ 57. Kd2 Rc2+ 58. Kd1 Rc1+ 59. Kd2 R1c2+ 60. Kd1 Rc1+ 61. Kd2 R7c2+ 62. Ke3 Rc3+ 63. Kd2 R1c2+ 64. Kd1 Rc1+ 65. Kd2 R1c2+ 66. Kd1 Rc1+ 67. Kd2 R3c2+ 68. Ke3 Rc3+ 69. Kd2 R3c2+ 70. Ke3 Rc3+ 1/2-1/2

[Event "Gaprindashvili Cup Women III Stage 2020"]
[Site "Online"]
[Date "2020.11.12"]
[Round "1.2"]
[White "Charkhalashvili, Inga"]
[Black "Purtseladze, Maka"]
[Result "1-0"]
[ECO "E70"]
[WhiteElo "2276"]
[BlackElo "2274"]
[Annotator "broadcasts"]
[PlyCount "79"]
[EventDate "2020.11.04"]
[EventType "k.o."]
[TimeControl "1500+5"]

1. d4 Nf6 2. c4 g6 3. f3 Bg7 4. e4 O-O 5. Nc3 c6 6. Be3 a6 7. Bd3 b5 8. Nge2 bxc4 9. Bxc4 d5 10. Bb3 a5 11. O-O Ba6 12. Rc1 dxe4 13. Nxe4 Nxe4 14. fxe4 Bxe2 15. Qxe2 a4 16. Bc4 e6 17. Rcd1 Nd7 18. Kh1 Nb6 19. Ba6 Qb8 20. Rc1 Qd6 21. Bb7 Ra7 22. e5 Qd5 23. Bxc6 Qxa2 24. d5 Rb8 25. Qf2 Qb3 26. d6 Bxe5 27. d7 Rxd7 28. Bxd7 f5 29. Bxb6 Rxb6 30. Bxa4 Qb4 31. b3 Bd4 32. Rc8+ Kg7 33. Rc7+ Kf6 34. Qh4+ g5 35. Qxh7 Ke5 36. Rc4 Qd2 37. Qc7+ Kf6 38. Qd8+ Ke5 39. Rc5+ Ke4 40. Qxb6 1-0

[Event "Gaprindashvili Cup Women III Stage 2020"]
[Site "Online"]
[Date "2020.11.12"]
[Round "1.2"]
[White "Mikadze, Miranda"]
[Black "Khomeriki, Nino"]
[Result "1-0"]
[ECO "C60"]
[WhiteElo "2269"]
[BlackElo "2293"]
[Annotator "broadcasts"]
[PlyCount "153"]
[EventDate "2020.11.04"]
[EventType "k.o."]
[TimeControl "1500+5"]

1. e4 e5 2. Nf3 Nc6 3. Bb5 a6 4. Ba4 Nge7 5. O-O g6 6. d4 exd4 7. Bg5 Bg7 8. e5 b5 9. Bb3 O-O 10. a4 Bb7 11. Re1 h6 12. Bh4 g5 13. Bxg5 hxg5 14. Nxg5 Bh6 15. Qh5 Kg7 16. Nxf7 Rxf7 17. Qxf7+ Kh8 18. axb5 axb5 19. Rxa8 Bxa8 20. Na3 Na5 21. Qf6+ Kh7 22. Bf7 Qf8 23. Nxb5 c5 24. e6 dxe6 25. Rxe6 Nac6 26. Nd6 Qg7 27. Qxg7+ Kxg7 28. Be8 Bg5 29. g3 Bf6 30. Bd7 Ne5 31. Ne8+ Kh8 32. Nxf6 Nf3+ 33. Kf1 Nxh2+ 34. Ke2 Bf3+ 35. Kd2 Ng6 36. Ne4 Nf8 37. Re8 Kg7 38. Nxc5 Kf7 39. Rb8 Ke7 40. Bb5 Ng6 41. Be2 Bd5 42. Rb6 Ne5 43. f4 Nc4+ 44. Bxc4 Bxc4 45. b3 Nf3+ 46. Kc1 Bd5 47. Nd3 Ng1 48. Kb2 Ne2 49. g4 Bf3 50. g5 Be4 51. Rf6 Nc3 52. Nc5 Bd5 53. Rh6 Nd1+ 54. Kc1 Ne3 55. b4 Bc4 56. Rh7+ Kf8 57. Rd7 Nf5 58. Rc7 Bb5 59. Ne6+ Kg8 60. Kd2 Nd6 61. Nxd4 Bf1 62. Ke3 Kh8 63. f5 Bc4 64. Kf4 Bg8 65. g6 Ne8 66. Re7 Nf6 67. Kg5 Nd5 68. Re8 Nc7 69. Rd8 Nd5 70. b5 Nf6 71. Rxg8+ Nxg8 72. f6 Ne7 73. fxe7 Kg7 74. Kf4 Kh6 75. e8=Q Kh5 76. g7+ Kh6 77. Nf5+ 1-0

[Event "Gaprindashvili Cup Women III Stage 2020"]
[Site "Online"]
[Date "2020.11.12"]
[Round "1.2"]
[White "Tereladze, Sopiko"]
[Black "Khukhashvili, Sopiko"]
[Result "1/2-1/2"]
[ECO "D02"]
[WhiteElo "2141"]
[BlackElo "2334"]
[Annotator "broadcasts"]
[PlyCount "119"]
[EventDate "2020.11.04"]
[EventType "k.o."]
[TimeControl "1500+5"]

1. d4 Nf6 2. Nf3 e6 3. Bf4 d5 4. e3 c5 5. Bd3 Nc6 6. O-O Bd6 7. Bxd6 Qxd6 8. c3 O-O 9. Nbd2 e5 10. dxe5 Nxe5 11. Nxe5 Qxe5 12. h3 Bf5 13. Nf3 Qe6 14. Bxf5 Qxf5 15. Qb3 b6 16. Rad1 Rfe8 17. Rd2 Re4 18. Rfd1 h6 19. Qb5 Qe6 20. Qa6 Qc6 21. c4 dxc4 22. Rd8+ Re8 23. R8d6 Qe4 24. Nd2 Qc2 25. Nxc4 Ne4 26. R6d2 Nxd2 27. Rxd2 Qc1+ 28. Kh2 Rad8 29. Rxd8 Rxd8 30. b3 Qc2 31. f4 Qe4 32. Qxa7 Ra8 33. Qxf7+ Kxf7 34. Nd6+ Ke6 35. Nxe4 Rxa2 36. Kg3 Rb2 37. Kf3 Rxb3 38. g4 Rb2 39. h4 c4 40. Nc3 Rb3 41. Ne2 Kd5 42. g5 c3 43. f5 hxg5 44. hxg5 Ke5 45. f6 gxf6 46. g6 Ra3 47. g7 Ra8 48. Nxc3 Rg8 49. Na4 b5 50. Nc3 b4 51. Na2 b3 52. Nc1 Rxg7 53. Nxb3 Ra7 54. Nd4 Ra4 55. Nc6+ Kd6 56. Nd4 Rxd4 57. exd4 Kd5 58. Kf4 Kxd4 59. Kf5 Kd5 60. Kxf6 1/2-1/2

[Event "Gaprindashvili Cup Women III Stage 2020"]
[Site "Online"]
[Date "2020.11.12"]
[Round "1.2"]
[White "Nikoladze, Sopio"]
[Black "Arabidze, Meri"]
[Result "0-1"]
[ECO "D05"]
[WhiteElo "2132"]
[BlackElo "2437"]
[Annotator "broadcasts"]
[PlyCount "40"]
[EventDate "2020.11.04"]
[EventType "k.o."]
[TimeControl "1500+5"]

1. d4 d5 2. Nf3 Nf6 3. e3 c5 4. b3 e6 5. Bb2 Nc6 6. Nbd2 Bd6 7. a3 O-O 8. Bd3 b6 9. Ne5 Bb7 10. f4 Ne7 11. Qf3 Nf5 12. g4 Nh4 13. Qh3 Ne4 14. g5 Nf5 15. Ng4 cxd4 16. Nf3 Nxe3 17. g6 fxg6 18. Nxe3 dxe3 19. Bxe4 dxe4 20. Ng5 Bb4+ 0-1

[Event "Gaprindashvili Cup Women III Stage 2020"]
[Site "Online"]
[Date "2020.11.12"]
[Round "1.3"]
[White "Arabidze, Meri"]
[Black "Nikoladze, Sopio"]
[Result "1-0"]
[ECO "A50"]
[WhiteElo "2437"]
[BlackElo "2132"]
[Annotator "broadcasts"]
[PlyCount "67"]
[EventDate "2020.11.04"]
[EventType "k.o."]
[TimeControl "1500+5"]

1. Nf3 Nf6 2. c4 e6 3. Nc3 b6 4. e4 d6 5. d4 Bb7 6. d5 e5 7. Bd3 g6 8. O-O Bg7 9. Rb1 a5 10. a3 O-O 11. b4 axb4 12. axb4 Nbd7 13. Re1 Nh5 14. Bf1 h6 15. g3 f5 16. Nh4 Nf4 17. Qc2 fxe4 18. Qxe4 Qf6 19. Nf3 Nh5 20. Bg2 Qf5 21. Qxf5 gxf5 22. Nb5 Rac8 23. Nh4 Ba6 24. Bh3 Bxb5 25. cxb5 Ra8 26. Nxf5 Ndf6 27. Nxh6+ Kh7 28. Bf5+ Kh8 29. Be6 Nf4 30. gxf4 Bxh6 31. fxe5 Bxc1 32. Rbxc1 dxe5 33. Rxc7 e4 34. Re3 1-0

[Event "Gaprindashvili Cup Women III Stage 2020"]
[Site "Online"]
[Date "2020.11.12"]
[Round "1.3"]
[White "Khurtsilava, Inga"]
[Black "Tsatsalashvili, Keti"]
[Result "0-1"]
[ECO "D05"]
[WhiteElo "2260"]
[BlackElo "2331"]
[Annotator "broadcasts"]
[PlyCount "74"]
[EventDate "2020.11.04"]
[EventType "k.o."]
[TimeControl "1500+5"]

1. d4 Nf6 2. Nf3 e6 3. e3 d5 4. Bd3 c5 5. b3 b6 6. O-O Bb7 7. Bb2 Nc6 8. Nbd2 Be7 9. a3 O-O 10. Ne5 Ne8 11. Qe2 a5 12. Nxc6 Bxc6 13. dxc5 bxc5 14. e4 Rb8 15. e5 c4 16. Nxc4 dxc4 17. Bxc4 Qc7 18. a4 Qb7 19. Qg4 Bc5 20. Bd3 g6 21. h4 Ng7 22. Rae1 Rfd8 23. Kh2 Rd7 24. Bc1 Bd4 25. Bh6 Qc7 26. f4 Nf5 27. Bg5 h5 28. Qh3 Bc5 29. Bf6 Be7 30. g4 hxg4 31. Qxg4 Qd8 32. Qg5 Bxf6 33. exf6 Qf8 34. Bxf5 exf5 35. Rf2 Rbd8 36. h5 Rd2 37. Ref1 Qc5 0-1

[Event "Gaprindashvili Cup Women III Stage 2020"]
[Site "Online"]
[Date "2020.11.12"]
[Round "1.4"]
[White "Tsatsalashvili, Keti"]
[Black "Khurtsilava, Inga"]
[Result "0-1"]
[ECO "A92"]
[WhiteElo "2331"]
[BlackElo "2260"]
[Annotator "broadcasts"]
[PlyCount "98"]
[EventDate "2020.11.04"]
[EventType "k.o."]
[TimeControl "1500+5"]

1. d4 d5 2. Nf3 Nf6 3. c4 e6 4. g3 c6 5. Bg2 Be7 6. O-O O-O 7. Qc2 Ne4 8. Nbd2 f5 9. Ne5 Nd7 10. Nxd7 Bxd7 11. f3 Nxd2 12. Bxd2 Be8 13. Bf4 Bg6 14. cxd5 Qxd5 15. Rfd1 h6 16. Qb3 Qd7 17. Be5 Kh7 18. Rac1 Bh5 19. Rd2 Bg5 20. f4 Bd8 21. e3 Bb6 22. Qc3 Rg8 23. a3 g5 24. Qc2 Bg6 25. Bf1 Qe7 26. b4 a6 27. Qb3 gxf4 28. Bxf4 Rad8 29. Bc4 Bf7 30. Qd1 h5 31. Qf1 Bc7 32. Bxc7 Qxc7 33. Qf4 Qe7 34. Rg2 Rg4 35. Qf2 Rdg8 36. Be2 R4g5 37. Bf3 e5 38. dxe5 Qxe5 39. Re1 h4 40. e4 h3 41. exf5 Qc7 42. Be4 hxg2 43. Qe3 Qe5 44. Qd3 Qf6 45. Kxg2 Rd8 46. Qe3 Kg7 47. Re2 Rg4 48. Rf2 Rxe4 49. Qxe4 Bd5 0-1

[Event "Gaprindashvili Cup Women III Stage 2020"]
[Site "Online"]
[Date "2020.11.12"]
[Round "1.4"]
[White "Vakhania, Alexandra"]
[Black "Melia, Salome"]
[Result "0-1"]
[ECO "B13"]
[WhiteElo "2134"]
[BlackElo "2371"]
[Annotator "broadcasts"]
[PlyCount "76"]
[EventDate "2020.11.04"]
[EventType "k.o."]
[TimeControl "1500+5"]

1. f4 c5 2. Nf3 Nc6 3. e3 g6 4. d4 cxd4 5. exd4 d5 6. c3 Bg7 7. Bd3 Nh6 8. O-O O-O 9. Be3 Bf5 10. Bf2 Qb6 11. Bxf5 Nxf5 12. Qb3 Qxb3 13. axb3 Nd6 14. Nbd2 f5 15. Ne5 Rfc8 16. Bh4 Bf8 17. b4 Nxe5 18. fxe5 Ne4 19. Nxe4 fxe4 20. Ra5 e6 21. Rfa1 a6 22. b5 Rab8 23. R1a2 axb5 24. Rxb5 Kf7 25. Ra1 Be7 26. Rf1+ Ke8 27. Bf6 Kd7 28. Bg7 Kc6 29. Ra5 Ra8 30. Rxa8 Rxa8 31. Rf7 Bg5 32. Bf6 Bc1 33. Re7 Bxb2 34. Rxe6+ Kb5 35. Re7 Bxc3 36. e6 e3 37. Kf1 Ra2 38. Rxb7+ Kc6 0-1

[Event "Gaprindashvili Cup Women III Stage 2020"]
[Site "Online"]
[Date "2020.11.12"]
[Round "1.5"]
[White "Khukhashvili, Sopiko"]
[Black "Tereladze, Sopiko"]
[Result "1-0"]
[ECO "C22"]
[WhiteElo "2334"]
[BlackElo "2141"]
[Annotator "broadcasts"]
[PlyCount "61"]
[EventDate "2020.11.04"]
[EventType "k.o."]
[TimeControl "1500+5"]

1. e4 e5 2. d4 exd4 3. Qxd4 Nc6 4. Qe3 Nf6 5. Nc3 Bb4 6. Bd2 O-O 7. O-O-O Re8 8. Qg3 d6 9. f3 Be6 10. h4 Nh5 11. Qe1 f5 12. Nh3 fxe4 13. Ng5 e3 14. Qxe3 Bxa2 15. Qd3 Nf6 16. Nxa2 Bxd2+ 17. Qxd2 Ne5 18. Nc3 h6 19. Nge4 a6 20. Nxf6+ Qxf6 21. Nd5 Qf7 22. h5 c6 23. Nf4 Rad8 24. Bd3 Qa2 25. Qc3 b5 26. b3 Qa3+ 27. Kb1 c5 28. Bg6 Re7 29. Rhe1 c4 30. Rxe5 cxb3 31. Rxe7 1-0

[Event "Gaprindashvili Cup Women III Stage 2020"]
[Site "Online"]
[Date "2020.11.12"]
[Round "1.5"]
[White "Khurtsilava, Inga"]
[Black "Tsatsalashvili, Keti"]
[Result "0-1"]
[ECO "D05"]
[WhiteElo "2260"]
[BlackElo "2331"]
[Annotator "broadcasts"]
[PlyCount "82"]
[EventDate "2020.11.04"]
[EventType "k.o."]
[TimeControl "1500+5"]

1. d4 Nf6 2. Nf3 e6 3. e3 d5 4. Bd3 c5 5. b3 b6 6. O-O Bb7 7. Bb2 Be7 8. Ne5 O-O 9. Nd2 Nc6 10. a3 a5 11. f4 Ne8 12. f5 Nxe5 13. dxe5 exf5 14. Bxf5 g6 15. Bh3 Ng7 16. c4 Bg5 17. Qe2 Qe7 18. Nf3 Bh6 19. Bc3 a4 20. b4 dxc4 21. Qxc4 Bxe3+ 22. Kh1 Ne6 23. Rae1 Bh6 24. b5 Rfd8 25. Rd1 Nf4 26. Bg4 Bd5 27. Rxd5 Nxd5 28. Bb2 Ne3 29. Qc3 Nxf1 30. e6 f6 31. Ne5 Bd2 32. Qf3 fxe5 33. Qxf1 Be3 34. Qe2 Bd4 35. Bc1 Qf6 36. Bf3 Rab8 37. Qc4 Kh8 38. h3 Re8 39. Qd5 Qxe6 40. Qe4 Qf6 41. Bh6 Rbd8 0-1

[Event "Gaprindashvili Cup Women III Stage 2020"]
[Site "Online"]
[Date "2020.11.12"]
[Round "1.6"]
[White "Tsatsalashvili, Keti"]
[Black "Khurtsilava, Inga"]
[Result "1-0"]
[ECO "D30"]
[WhiteElo "2331"]
[BlackElo "2260"]
[Annotator "broadcasts"]
[PlyCount "69"]
[EventDate "2020.11.04"]
[EventType "k.o."]
[TimeControl "1500+5"]

1. Nf3 d5 2. d4 c6 3. c4 Nf6 4. Nbd2 e6 5. e3 Ne4 6. Bd3 f5 7. O-O Bd6 8. Ne5 Bxe5 9. dxe5 Nd7 10. f4 Ndc5 11. Be2 a5 12. cxd5 cxd5 13. Nf3 O-O 14. Nd4 Bd7 15. b3 Rf7 16. Bf3 g5 17. Ba3 g4 18. Be2 Rg7 19. Bxc5 Nxc5 20. Rc1 b6 21. Bb5 Bxb5 22. Nxb5 Qh4 23. Nd6 Rg6 24. Qe2 Rf8 25. Rc2 Rh6 26. g3 Qe7 27. Rfc1 Rh3 28. Qb5 Qa7 29. a3 h5 30. b4 axb4 31. axb4 Qa3 32. Rc3 Qb2 33. R1c2 Qb1+ 34. Rc1 Qb2 35. R1c2 1-0

[Event "Gaprindashvili Cup Women III Stage 2020"]
[Site "Online"]
[Date "2020.11.12"]
[Round "1.6"]
[White "Khurtsilava, Inga"]
[Black "Tsatsalashvili, Keti"]
[Result "1/2-1/2"]
[ECO "D05"]
[WhiteElo "2260"]
[BlackElo "2331"]
[Annotator "broadcasts"]
[PlyCount "175"]
[EventDate "2020.11.04"]
[EventType "k.o."]
[TimeControl "1500+5"]

1. d4 Nf6 2. Nf3 e6 3. e3 d5 4. Bd3 c5 5. b3 b6 6. O-O Bb7 7. Bb2 Be7 8. Nbd2 O-O 9. Ne5 Nc6 10. a3 Ne8 11. Qh5 f5 12. Qe2 Nxe5 13. dxe5 g6 14. c4 Ng7 15. f4 Qd7 16. Nf3 Rfd8 17. Rfd1 Qe8 18. Rd2 a5 19. Rad1 a4 20. cxd5 Bxd5 21. Bb5 Bc6 22. bxa4 Bxb5 23. axb5 Rxd2 24. Nxd2 Ra5 25. Nc4 Qxb5 26. Qc2 Ra8 27. Rd3 Qc6 28. Qd2 b5 29. Nd6 h6 30. Qd1 Rb8 31. Rd2 Ra8 32. Qb3 Rb8 33. a4 b4 34. a5 Rd8 35. Nc4 Rxd2 36. Nxd2 Bd8 37. Nc4 Qb5 38. Kf2 Bxa5 39. h3 Bd8 40. Nd6 Qc6 41. Qc4 Qd5 42. Qb5 Qd2+ 43. Qe2 Bh4+ 44. Kf1 Qd5 45. Qc2 b3 46. Qe2 Nh5 47. Kg1 Ng3 48. Qf3 Qxf3 49. gxf3 Be7 50. Nc4 Bd8 51. Kf2 Nh5 52. Nd2 Ba5 53. Nxb3 Bb4 54. Bc1 c4 55. Nd4 Kf7 56. Nc2 Bc5 57. Ba3 Nxf4 58. Kf1 Nd3 59. Bxc5 Nxc5 60. Ke2 g5 61. Na3 c3 62. Nb5 c2 63. Kd2 Nd3 64. Kxc2 Nxe5 65. Nd4 h5 66. Kd2 Kf6 67. Ke2 g4 68. fxg4 fxg4 69. hxg4 Nxg4 70. Kf3 Ne5+ 71. Kg3 Ng6 72. Kf3 Ke5 73. Ne2 h4 74. Ng1 Kf5 75. Nh3 Ne5+ 76. Kf2 Nc4 77. Kf3 Nd2+ 78. Kf2 Kg4 79. Kg2 Nc4 80. Nf2+ Kf5 81. Kf3 Ne5+ 82. Kg2 Ng4 83. e4+ Kf4 84. Nd3+ Kxe4 85. Nc5+ Kf5 86. Nxe6 Kxe6 87. Kh3 Kf5 88. Kxh4 1/2-1/2

[Event "Gaprindashvili Cup Women III Stage 2020"]
[Site "Online"]
[Date "2020.11.12"]
[Round "1.7"]
[White "Khomeriki, Nino"]
[Black "Mikadze, Miranda"]
[Result "1/2-1/2"]
[ECO "D12"]
[WhiteElo "2293"]
[BlackElo "2269"]
[Annotator "broadcasts"]
[PlyCount "201"]
[EventDate "2020.11.04"]
[EventType "k.o."]
[TimeControl "1500+5"]

1. d4 d5 2. Nf3 Nf6 3. e3 Bf5 4. c4 c6 5. Nc3 e6 6. Qb3 Qb6 7. Qxb6 axb6 8. Nh4 Bg4 9. h3 Bh5 10. g4 Bg6 11. Nxg6 hxg6 12. f3 Nbd7 13. Bd2 Be7 14. cxd5 exd5 15. Bg2 b5 16. Kf2 Nb6 17. b3 Ba3 18. Rab1 O-O 19. e4 dxe4 20. fxe4 Rfd8 21. Ne2 Re8 22. e5 Nfd5 23. h4 c5 24. h5 cxd4 25. hxg6 fxg6 26. Be4 Rxe5 27. Bxg6 Rf8+ 28. Nf4 Nxf4 29. Bh7+ Kf7 30. Bxf4 Ke7 31. Bf5 Rexf5 32. gxf5 Rxf5 33. Kg3 Nd5 34. Rhe1+ Kd7 35. Re5 Rxe5 36. Bxe5 Nc3 37. Rh1 Bc5 38. Kf3 Nxa2 39. Ke4 Nc3+ 40. Kd3 Nd5 41. Bxg7 Nb4+ 42. Ke4 Nc6 43. Kd5 Bb6 44. Bf6 Kc7 45. Be5+ Nxe5 46. Kxe5 Kb8 47. Kd5 Ka7 48. Ra1+ Kb8 49. Rh1 Ka7 50. Ke4 Bc5 51. Kd5 Bb6 52. Ra1+ Kb8 53. Ke4 Bc5 54. Ra5 Kc7 55. Kd5 Bb4 56. Ra1 Bc3 57. Rd1 Kb6 58. Ke4 Ka5 59. Kd3 Kb4 60. Kc2 Kc5 61. Rh1 Kb6 62. Rh5 Kc6 63. Kd3 Kb6 64. Rh7 Kc6 65. Rf7 Kb6 66. Rf6+ Ka5 67. Rd6 Kb4 68. Rb6 Kxb3 69. Rxb5+ Ka4 70. Rxb7 Ka5 71. Kc4 Ka6 72. Rb3 Ka5 73. Rb8 Ka6 74. Rb1 Ka5 75. Kc5 Ka4 76. Kc4 Ka3 77. Rb8 Ka2 78. Rb7 Ka3 79. Rb8 Ka2 80. Rb3 Bb2 81. Rb7 Bc3 82. Kd3 Ka3 83. Kc4 Ka2 84. Ra7+ Kb2 85. Kd3 Kb3 86. Rb7+ Ka2 87. Kc2 Ka3 88. Rb8 Ka4 89. Rb7 Ka3 90. Kd3 Ka2 91. Kc4 Ka3 92. Rd7 Ka2 93. Kd3 Kb3 94. Rb7+ Ka2 95. Kc2 Ka3 96. Rb8 Ka4 97. Kd3 Ka3 98. Kc4 Ka2 99. Rb3 Bb2 100. Rxb2+ Kxb2 101. Kxd4 1/2-1/2

[Event "Gaprindashvili Cup Women III Stage 2020"]
[Site "Online"]
[Date "2020.11.12"]
[Round "1.8"]
[White "Purtseladze, Maka"]
[Black "Charkhalashvili, Inga"]
[Result "0-1"]
[ECO "D35"]
[WhiteElo "2274"]
[BlackElo "2276"]
[Annotator "broadcasts"]
[PlyCount "120"]
[EventDate "2020.11.04"]
[EventType "k.o."]
[TimeControl "1500+5"]

1. d4 Nf6 2. c4 e6 3. Nc3 d5 4. cxd5 exd5 5. Bg5 Bb4 6. e3 h6 7. Bh4 c6 8. Bd3 O-O 9. Nge2 b6 10. a3 Be7 11. b4 b5 12. Bxf6 Bxf6 13. a4 bxa4 14. Qxa4 Bd7 15. Qa5 Qxa5 16. bxa5 Bc8 17. Kd2 Na6 18. Rhb1 Be7 19. Ra4 Rd8 20. h3 c5 21. Nf4 Nc7 22. Nb5 Nxb5 23. Bxb5 Rb8 24. Bd3 Rxb1 25. Bxb1 g5 26. Ne2 Bd7 27. Ra2 Rb8 28. Kc1 Bb5 29. dxc5 Bc4 30. Rc2 Bxc5 31. Ba2 Ba3+ 32. Kd1 Bb5 33. Bxd5 Ba4 34. Nd4 Bxc2+ 35. Nxc2 Bc5 36. f3 Rb1+ 37. Ke2 Rc1 38. Kd2 Rg1 39. f4 gxf4 40. exf4 Rf1 41. Bf3 Kg7 42. a6 Kf6 43. Ke2 Rb1 44. Ne1 Rb2+ 45. Kd3 Ra2 46. Bb7 Ra3+ 47. Kc4 Bd6 48. Nd3 Bxf4 49. Nxf4 Ra4+ 50. Kc5 Rxf4 51. Bd5 Ke5 52. Bf3 Rf6 53. Bc6 Rf1 54. Bf3 Rc1+ 55. Kb5 Kd4 56. Bb7 f5 57. Bf3 f4 58. Ba8 Rb1+ 59. Kc6 Rb6+ 60. Kc7 Rxa6 0-1

[Event "Gaprindashvili Cup Women III Stage 2020"]
[Site "Online"]
[Date "2020.11.12"]
[Round "2.1"]
[White "Melia, Salome"]
[Black "Khukhashvili, Sopiko"]
[Result "1-0"]
[ECO "B41"]
[WhiteElo "2371"]
[BlackElo "2334"]
[Annotator "ChessBase"]
[PlyCount "109"]
[EventDate "2020.11.04"]
[EventType "k.o."]
[SourceTitle "playchess.com"]
[Source "ChessBase"]
[SourceQuality "1"]
[TimeControl "1500+5"]

1. e4 c5 2. Nf3 e6 3. d4 cxd4 4. Nxd4 a6 5. c4 Qc7 6. Nc3 Nf6 7. a3 Nc6 8. Nxc6 dxc6 9. Be3 e5 10. Be2 b5 11. O-O Be7 12. Rc1 Qb7 13. f4 exf4 14. Bxf4 Be6 15. e5 Rd8 16. Qe1 Qb6+ 17. Kh1 Ng4 18. Bxg4 Bxg4 19. Ne4 bxc4 20. Nd6+ Bxd6 21. exd6+ Be6 22. Be5 Kd7 23. Qh4 Kc8 24. Rfe1 Bd5 25. Bd4 Qb5 26. Qg3 Be6 27. Re5 Qb7 28. Rc5 h5 29. h3 h4 30. Qf4 Qd7 31. Qf3 Kb7 32. Be5 f6 33. Bh2 Bd5 34. Qc3 Rb8 35. Rd1 Ka8 36. Qa5 Rxb2 37. Rdxd5 cxd5 38. Qxa6+ Qa7 39. Qc6+ Rb7 40. d7 Qxc5 41. Qxc5 Rxd7 42. Qa5+ Ra7 43. Qxd5+ Rb7 44. Qxc4 Rd8 45. Qa6+ Ra7 46. Qc6+ Rb7 47. Bd6 Ka7 48. Bc5+ Kb8 49. Bd6+ Ka7 50. Kh2 Rbd7 51. Bc5+ Kb8 52. a4 Rd2 53. Qb6+ Kc8 54. Qc6+ Kb8 55. a5 1-0

[Event "Gaprindashvili Cup Women III Stage 2020"]
[Site "Online"]
[Date "2020.11.12"]
[Round "2.1"]
[White "Tsatsalashvili, Keti"]
[Black "Arabidze, Meri"]
[Result "0-1"]
[ECO "A46"]
[WhiteElo "2331"]
[BlackElo "2437"]
[Annotator "ChessBase"]
[PlyCount "102"]
[EventDate "2020.11.04"]
[EventType "k.o."]
[SourceTitle "playchess.com"]
[Source "ChessBase"]
[SourceQuality "1"]
[TimeControl "1500+5"]

1. d4 Nf6 2. Nf3 e6 3. g3 d5 4. Bg2 b5 5. a4 b4 6. c4 bxc3 7. Nxc3 Be7 8. O-O O-O 9. Ne5 Ba6 10. Re1 Nfd7 11. e4 Nxe5 12. dxe5 d4 13. Nb5 c5 14. Qg4 Kh8 15. Bd2 Nc6 16. f4 Rb8 17. Bf1 d3 18. Qf3 c4 19. Rac1 Bxb5 20. axb5 Nd4 21. Qd1 Nc2 22. Rxc2 dxc2 23. Qxc2 Rxb5 24. Bxc4 Qd4+ 25. Be3 Qxb2 26. Qxb2 Rxb2 27. Bxa7 Rc8 28. Bf1 g6 29. Be2 Rcc2 30. Bf3 Rxh2 31. Bd4 Ra2 32. f5 Rh3 33. Bf2 Bc5 34. Bxc5 Rxg3+ 35. Kh1 Rxf3 36. fxe6 fxe6 37. Be7 Kg7 38. Rc1 Kh6 39. Bf6 g5 40. Kg1 Rfa3 41. Rc7 Rb3 42. Rc1 Kh5 43. Rf1 h6 44. Rd1 Kg4 45. Kh1 h5 46. Rg1+ Rg3 47. Rd1 Rh3+ 48. Kg1 h4 49. Rc1 Rg3+ 50. Kh1 Kh3 51. Bxg5 Rh2# 0-1

[Event "Gaprindashvili Cup Women III Stage 2020"]
[Site "Online"]
[Date "2020.11.12"]
[Round "2.1"]
[White "Charkhalashvili, Inga"]
[Black "Javakhishvili, Lela"]
[Result "1/2-1/2"]
[ECO "E60"]
[WhiteElo "2276"]
[BlackElo "2473"]
[Annotator "ChessBase"]
[PlyCount "108"]
[EventDate "2020.11.04"]
[EventType "k.o."]
[SourceTitle "playchess.com"]
[Source "ChessBase"]
[SourceQuality "1"]
[TimeControl "1500+5"]

1. d4 Nf6 2. c4 c5 3. d5 b5 4. cxb5 a6 5. bxa6 g6 6. Nc3 Bg7 7. Nf3 O-O 8. g3 d6 9. Bg2 Nxa6 10. O-O Bf5 11. Nd2 Nb4 12. e4 Bc8 13. a3 Nd3 14. Nc4 Nxc1 15. Rxc1 Ba6 16. Ne2 Nd7 17. Qd2 Qb8 18. Bh3 Ra7 19. Bxd7 Rxd7 20. b4 cxb4 21. axb4 Qb5 22. Rfe1 Rb7 23. Na5 Qxb4 24. Qxb4 Rxb4 25. Nc3 Bf6 26. Nc6 Rb2 27. e5 dxe5 28. Ne4 Kg7 29. Nc5 Bb5 30. Nd7 Ra8 31. Ndxe5 Raa2 32. Rb1 Rxb1 33. Rxb1 Bxc6 34. Nxc6 Rd2 35. Re1 Kf8 36. Nb4 Rd4 37. Rb1 Rd2 38. Rb3 Bd4 39. Nd3 Kg7 40. Kf1 h5 41. h4 Bf6 42. Ke1 Ra2 43. Nf4 Be5 44. Nd3 Bd6 45. Rb5 f6 46. Nc5 Bxc5 47. Rxc5 Kf7 48. Rc7 Ra1+ 49. Ke2 Ra2+ 50. Ke3 Ra3+ 51. Ke4 Ra4+ 52. Ke3 Ra3+ 53. Ke4 Ra4+ 54. Ke3 Ra3+ 1/2-1/2

[Event "Gaprindashvili Cup Women III Stage 2020"]
[Site "Online"]
[Date "2020.11.12"]
[Round "2.2"]
[White "Javakhishvili, Lela"]
[Black "Charkhalashvili, Inga"]
[Result "1/2-1/2"]
[ECO "E17"]
[WhiteElo "2473"]
[BlackElo "2276"]
[Annotator "RC"]
[PlyCount "126"]
[EventDate "2020.11.04"]
[EventType "k.o."]
[SourceTitle "playchess.com"]
[Source "ChessBase"]
[SourceQuality "1"]
[TimeControl "1500+5"]

1. d4 Nf6 2. c4 e6 3. Nc3 Bb4 4. Qc2 c5 5. dxc5 O-O 6. g3 Nc6 7. Bg2 Bxc5 8. Nf3 b6 9. O-O Bb7 10. Rd1 Rc8 11. a3 Be7 12. e4 Ng4 13. Bf4 Bc5 14. Rf1 e5 15. Bg5 Nd4 16. Nxd4 Qxg5 17. Nf3 Qe7 18. h3 Nf6 19. b4 Bd4 20. Nxd4 exd4 21. Nd5 Nxd5 22. exd5 Ba6 23. Rfe1 Qd6 24. Qe4 Bxc4 25. Qxd4 Rc7 26. Rac1 b5 27. Rc3 h6 28. Rce3 Qb6 29. Qf4 d6 30. Be4 Rcc8 31. Qf5 g6 32. Qf4 Kg7 33. Bf3 Rc7 34. h4 h5 35. Re7 Rxe7 36. Rxe7 Qd8 37. Qd4+ Kg8 38. Qxa7 Qa8 39. Qxa8 Rxa8 40. Re3 Kg7 41. Kg2 Kf6 42. Kh3 Bf1+ 43. Bg2 Bc4 44. f4 Ra7 45. g4 hxg4+ 46. Kxg4 Ra8 47. Kg3 Ra7 48. Bf3 Ra8 49. Be4 Re8 50. Kf2 Rh8 51. Rh3 Rh5 52. Bf3 Rh8 53. Be2 Bxe2 54. Kxe2 Kf5 55. Kf2 Ke4 56. Rh1 Kxd5 57. Rd1+ Ke6 58. Re1+ Kf6 59. Rd1 Ke6 60. Re1+ Kf6 61. Rd1 Ke6 62. Re1+ Kf6 63. Rd1 Ke6 1/2-1/2